 Dungeon Crawl Stone Soup version 0.19-a0-1111-gcceb26a (webtiles) character file.

134 epen the Gusty (level 5, 0/33 HPs)
             Began as a Halfling Air Elementalist on Aug 11, 2016.
             Shot with an arrow by a centaur (6 damage)
             ... on level 5 of the Dungeon.
             The game lasted 00:05:43 (3154 turns).

epen the Gusty (Halfling Air Elementalist)          Turns: 3154, Time: 00:05:43

Health: 0/33       AC:  3    Str:  8    XL:     5   Next: 40%
Magic:  6/8        EV: 15    Int: 15    God:
Gold:   144        SH:  0    Dex: 15    Spells: 3 memorised, 3 levels left

rFire  . . .     SeeInvis +     f - +1 short sword (speed)
rCold  + . .     Gourm    .     a - +0 robe
rNeg   . . .     Faith    .     (shield restricted)
rPois  .         Spirit   .     (no helmet)
rElec  .         Dismiss  .     (no cloak)
rCorr  .         Reflect  .     q - +0 pair of gloves
SustAt .         Harm     +     (no boots)
MR     .....                    r - amulet of harm
Stlth  ++........               n - ring of see invisible
                                p - ring of protection from cold

@: flying, repel missiles
A: mutation resistance 1
a: no special abilities


You were on level 5 of the Dungeon.
You were not hungry.

You visited 1 branch of the dungeon, and saw 5 of its levels.

You collected 144 gold pieces.

Inventory:

Hand Weapons
 f - a +1 short sword of speed (weapon)
Armour
 a - a +0 robe (worn)
 q - a +0 pair of gloves (worn)
Jewellery
 g - an uncursed ring of fire
 n - a ring of see invisible (right hand)
 p - a ring of protection from cold (left hand)
 r - an amulet of harm (around neck)
Scrolls
 d - 3 scrolls of remove curse {unknown}
 h - a scroll of fear {unknown}
 j - a scroll of identify {unknown}
 k - a scroll of enchant armour {unknown}
Potions
 e - a potion of curing {unknown}
 i - a potion of flight
 o - 2 potions of degeneration {unknown}
Books
 b - a book of Air

   Spells                             Type                      Level
   a - Shock                          Conjuration/Air              1
   b - Swiftness                      Charms/Air                   2
   c - Repel Missiles                 Charms/Air                   2
   d - Static Discharge               Conjuration/Air              3
   e - Lightning Bolt                 Conjuration/Air              5
Comestibles
 c - a bread ration
 l - 3 meat rations


   Skills:
 + Level 1.0 Fighting
 + Level 2.8 Dodging
 - Level 2.1 Stealth
 * Level 2.6 Spellcasting
 * Level 1.7 Conjurations
 * Level 4.1 Air Magic


You had 3 spell levels left.
You knew the following spells:

 Your Spells              Type           Power        Failure   Level  Hunger
a - Shock                 Conj/Air       ##..         8%          1    #......
b - Repel Missiles        Chrm/Air       #.....       14%         2    ###....
c - Static Discharge      Conj/Air       ##......     21%         3    ###....


Dungeon Overview and Level Annotations

Branches:
Dungeon (6/15)
 Temple: D:4-7

Altars:
Dithmenos
Elyvilon
Hepliaklqana
Pakellas

Annotations:
D:3 Multipenetrator's ghost, amateur HESk


Innate Abilities, Weirdness & Mutations

You are small and have problems with some larger weapons.
You are somewhat resistant to further mutation.


Message History

Confirm with . or Enter, or press ? or * to list all spells.
You feel protected from missiles.
The orc wizard shouts!
The orc shouts!
The orc wizard shouts!
The centaur shoots an arrow.
The arrow hits you!
* * * LOW HITPOINT WARNING * * *
The orc wizard gestures at you while chanting.
You resist with some effort.
The orc throws a tomahawk.
The tomahawk is repelled.
The centaur shoots an arrow.
The arrow is repelled.
The phantom blinks!
Your magical contamination has completely faded away.
The orc hits you with a whip.
* * * LOW HITPOINT WARNING * * *
The orc throws a tomahawk.
The tomahawk misses you.
The orc wizard gestures wildly while chanting.
The orc wizard blinks!
The phantom blinks!
You see here a tomahawk.
It was a potion of flight.
You feel very buoyant.
You fly up into the air.
The centaur shoots an arrow.
The arrow hits you.
You die...

## (### ....... ..(####
##........<. ..c..>#
##............ .............
..#........... .###....#####
...oo§........ .≈≈#.......
..W...........
..≈##...#....#####o...........#
................@.c...........#
. .....#.....###.(..........#
........#..w....†.........# #
#+####(...........#
#.(........# #.(.......##
##....§...# +........##
#.$......#


You could see a phantom, a centaur and 2 orcs.

Vanquished Creatures
  An orc priest (D:3)
  A hound zombie (D:6)
  2 adders (D:2)
  An ooze (D:2)
  2 dart slugs
  A giant gecko (D:2)
  5 orcs
  A giant cockroach (D:2)
  4 goblins
  8 hobgoblins
  2 jackals (D:2)
  9 kobolds
  4 quokkas
  4 bats
  A giant gecko skeleton (D:6)
  5 giant newts
  10 rats
61 creatures vanquished.

Vanquished Creatures (others)
  A jackal zombie (D:5)
1 creature vanquished.

Grand Total: 62 creatures vanquished

Notes
Turn   | Place    | Note
-------+----------+-------------------------------------------
     0 | D:1      | epen the Halfling Air Elementalist began the quest for the Orb.
     0 | D:1      | Reached XP level 1. HP: 11/11 MP: 3/3
   393 | D:1      | Reached XP level 2. HP: 17/17 MP: 4/4
   464 | D:1      | Reached skill level 1 in Conjurations
   954 | D:2      | Found a shadowy altar of Dithmenos.
   962 | D:2      | Reached XP level 3. HP: 20/22 MP: 6/6
  1111 | D:2      | Found a hazy altar of Hepliaklqana.
  1431 | D:2      | Reached XP level 4. HP: 10/27 MP: 0/7
  2320 | D:3      | Noticed Multipenetrator's ghost (amateur HESk)
  2639 | D:3      | Reached skill level 1 in Fighting
  2639 | D:3      | Reached skill level 4 in Air Magic
  2639 | D:3      | Reached XP level 5. HP: 24/33 MP: 2/8
  2693 | D:3      | Learned a level 2 spell: Repel Missiles
  2698 | D:3      | Learned a level 3 spell: Static Discharge
  2772 | D:3      | You fall through a shaft for 3 floors!
  2853 | D:5      | Entered Level 5 of the Dungeon
  2853 | D:5      | Noticed a centaur
  2856 | D:5      | Found a white marble altar of Elyvilon.
  2859 | D:5      | Noticed a hippogriff
  3001 | D:6      | Found an oddly glowing altar of Pakellas.
  3077 | D:6      | Noticed a centaur
  3105 | D:5      | Noticed a phantom
  3150 | D:5      | Noticed a phantom
  3154 | D:5      | Shot with an arrow by a centaur

Vault maps used:
D:1:      minmay_arrival_doors, fountainhead, grunt_decor_fettered
D:2:      grunt_dithmenos_smoke, lemuel_round_altar
D:3:      hex_medium
D:5:      wad_woods_stonehenge, elyvilon_altar_4, first_bread,
          kennysheep_generic_room_11
D:6:      lemuel_insect_pit, grunt_pakellas_salt

Skill      XL: |  1  2  3  4 |
---------------+-------------+-----
Conjurations   | 1 |  1.7
Spellcasting   | 2 |  2.6
Fighting       | 1 |  1.0
Air Magic      | 4 |  4.1
Dodging        | |  2.8
Stealth        | |  2.1

Action                   |  1- 3 |  4- 6 || total
-------------------------+-------+-------++-------
Melee: Short sword       |    96 |   104 ||   200
       Unarmed           |     7 |       ||     7
 Cast: Shock             |    26 |    27 ||    53
       Repel Missiles    |       |     3 ||     3
  Use: Potion            |       |     2 ||     2
 Stab: Sleeping          |     1 |     1 ||     2
       Distracted        |     1 |       ||     1
  Eat: Chunk             |     2 |     4 ||     6
       Royal jelly       |       |     1 ||     1
Armor: Robe              |     7 |     8 ||    15
       Skin              |       |     2 ||     2
Dodge: Dodged            |    79 |    90 ||   169
       Deflected         |       |     6 ||     6
